 Dungeon Crawl Stone Soup version 0.28.0 (webtiles) character file.

Game seed: 14779336774577694333

101 browni3141 the Skirmisher (level 4, -2/41 HPs)
             Began as a Minotaur Berserker on Feb 10, 2022.
             Was a Believer of Trog.
             Splashed by a jelly's acid (7 damage)
             ... on level 4 of the Dungeon.
             The game lasted 00:00:50 (1524 turns).

browni3141 the Skirmisher (Minotaur Berserker)      Turns: 1524, Time: 00:00:51

Health: -2/41      AC: -1    Str: 24    XL:     4   Next: 48%
Magic:  3/3        EV: 12    Int:  4    God:    Trog [**....]
Gold:   65         SH:  0    Dex:  9    Spells: 3/3 levels left

rFire   . . .      SeeInvis .   a - +0 hand axe
rCold   . . .      Faith    .   (no shield)
rNeg    . . .      Spirit   .   b - +0 animal skin
rPois   .          Reflect  .   (helmet restricted)
rElec   .          Harm     .   (no cloak)
rCorr   .          Rampage  .   (no gloves)
Will    .....                   (no boots)
Stlth   +.........              (no amulet)
HPRegen 0.13/turn               (no ring)
MPRegen 0.08/turn               (no ring)

@: corroded, on berserk cooldown, slowed, very slow
A: horns 2, retaliatory headbutt
a: Renounce Religion, Berserk, Trog's Hand


You were on level 4 of the Dungeon.
You worshipped Trog.
Trog was pleased with you.
You visited 1 branch of the dungeon, and saw 3 of its levels.

You collected 65 gold pieces.

Inventory:

Hand Weapons
 a - a +0 hand axe (weapon)
Armour
 b - a +0 animal skin (worn)
Scrolls
 c - a scroll of fog {unknown}
 e - a scroll of vulnerability {unknown}
 g - a scroll of magic mapping {unknown}
Potions
 d - a potion of mutation {unknown}
 f - a potion of lignification {unknown}


   Skills:
 + Level 4.5 Fighting
 + Level 4.4 Axes
 + Level 3.5 Armour
 + Level 3.2 Dodging


You had 3 spell levels left.
You didn't know any spells.
Your spell library was empty.

Dungeon Overview and Level Annotations

Branches:
Dungeon (2/15)             Temple (0/1) D:4

Altars:


Innate Abilities, Weirdness & Mutations

You have a pair of horns on your head.
You reflexively headbutt those who attack you in melee.


Message History

The jelly quivers.
Calm down first, please.
You feel a strong urge to attack something.
You feel sick.
The endoplasm hits you but does no damage.
You slash the endoplasm!
You kill the endoplasm!
Trog accepts your kill.
You feel sick.
Calm down first, please.
Found an escape hatch in the floor.
Found a staircase to the Ecumenical Temple.
You are no longer berserk.
You are exhausted.
You feel yourself slow down.
A jelly is nearby!
A black bear comes into view.
You feel sick.
You are no longer poisoned.
The black bear growls angrily.
A hound comes into view.
The jelly hits you but does no damage.
There are monsters nearby!
You completely miss the jelly.
The hound barks!
A centaur skeleton comes into view.
An adder skeleton comes into view.
The jelly hits you. The acid corrodes you!
You are splashed with acid!
The jelly barely misses you.
There are monsters nearby!
There are monsters nearby!
There are monsters nearby!
You hit the jelly.
Your hands burn!
You headbutt the jelly, but do no damage.
The jelly is lightly wounded.
The jelly hits you.
You are splashed with acid!
* * * LOW HITPOINT WARNING * * *
The hound barely misses you. The jelly hits you.
* * * LOW HITPOINT WARNING * * *
You are splashed with acid!
You die...

..♣..##..##.. .#.. #
..♣..###.##.. ...#....
.....##..##.# #.#...8.>.
.....##..##.###....#.....
.###......#..#.......#.8.
..............†....Z.....
............$..##..#h.#.#
............##...........
..........#.#...@h..Z..#
....#.......##.##J...#..
...##......##..#.........
...###...####..........#.
.......... ######.....#
#... ....... ...#...
.####># .# ##


You could see a black bear, a hound, a jelly, an adder skeleton and a centaur
skeleton.

Vanquished Creatures
  A scorpion (D:4)
  2 dart slugs
  3 bats
  4 endoplasms
  4 giant cockroaches
  6 goblins (D:1)
  A hobgoblin (D:1)
  4 jackals (D:1)
  2 quokkas
  4 ball pythons (D:1)
  2 frilled lizards (D:1)
  2 kobolds (D:1)
35 creatures vanquished.

Vanquished Creatures (others)
  2 plants (D:2)
2 creatures vanquished.

Grand Total: 37 creatures vanquished

Notes
Turn   | Place    | Note
-------+----------+-------------------------------------------
     0 | D:1      | browni3141 the Minotaur Berserker began the quest for the
                  | Orb.
     0 | D:1      | Reached XP level 1. HP: 19/19 MP: 0/0
   301 | D:1      | Reached XP level 2. HP: 25/27 MP: 1/1
  1165 | D:1      | Reached XP level 3. HP: 33/33 MP: 2/2
  1471 | D:2      | Reached ** piety under Trog
  1483 | D:2      | You fall into a shaft and drop 2 floors!
  1509 | D:4      | Noticed a scorpion
  1516 | D:4      | Killed a scorpion
  1517 | D:4      | Reached XP level 4. HP: 41/41 MP: 3/3
  1520 | D:4      | Found a staircase to the Ecumenical Temple.
  1521 | D:4      | Noticed a black bear
  1524 | D:4      | Splashed by a jelly's acid

Illustrated notes

Levels and vault maps discovered:
D:1:      ncdulo_wetmaze, layout_basic, serial_bayou_ford_a, st_stairs_5,
          corexii_hall_statues_i, minmay_misc_feat_encased
D:2:      layout_rooms, hellmonk_ecumenical_altar_run_dry, minivault_27,
          serial_bayou_lagoon_a, minmay_tetromino_l4, uniq_crazy_yiuf_cottage
D:4:      layout_cave_pools, kennysheep_okawaru_gauntlet,
          chequers_temple_overflow_minitemple, minmay_temple_entry_sparse_star,
          serial_park, serial_park_gazebo [serial_park_minivault_5x5_2],
          serial_park_tiny_1, serial_park_square3 [serial_park_minivault_5x5_5],
          serial_park_tiny_2

Skill      XL: |  1  2  3 |
---------------+----------+-----
Fighting       | 4 |  4.5
Axes           | 4 |  4.4
Armour         | 3 |  3.5
Dodging        | 3 |  3.2

Action                   |  1- 3 |  4- 6 || total
-------------------------+-------+-------++-------
Melee: Hand axe          |    79 |     3 ||    82
       Headbutt          |    10 |     1 ||    11
Invok: Berserk           |     1 |       ||     1
 Stab: Sleeping          |     1 |       ||     1
Armor: Animal skin       |    12 |     2 ||    14
Dodge: Dodged            |    50 |     2 ||    52
